 Dungeon Crawl Stone Soup version 0.18-a0-5-gf1fb587 (webtiles) character file.

49312 4thArraOfDagon the Severer (level 14, -8/77 HPs)
             Began as a Vine Stalker Berserker on Oct 31, 2015.
             Was an Elder of Trog.
             Killed from afar by a deep elf annihilator (38 damage)
             ... with an iron shot
             ... on level 3 of the Elven Halls.
             The game lasted 00:34:39 (4442 turns).

4thArraOfDagon the Severer (Vine Stalker Berserker) Turns: 4442, Time: 00:34:39

Health: -8/77      AC: 22    Str: 24    XL:     14   Next: 50%
Magic:  0/9        EV: 11    Int:  7    God:    Trog [****..]
Gold:   758        SH:  0    Dex: 15    Spells: 0 memorised, 13 levels left

rFire  . . .     SeeInvis .     y - +2 executioner's axe (antimagic)
rCold  . . .     Clarity  .     u - +0 plate armour
rNeg   + . .     SustAt   .     (no shield)
rPois  .         Gourm    .     (no helmet)
rElec  .         Spirit   +     z - +1 cloak "Bymmeink" {MR+ Stlth+}
rCorr  .         Warding  +     H - +2 pair of gloves
rMut   .         Stasis   .     G - +1 pair of boots {run}
MR     +++..                    p - amulet of warding
Stlth  ..........               N - ring of the Tarantula {MP+9 EV+3}
                                n - ring of protection from magic

@: exhausted, slowed, very slow, extremely resistant to hostile enchantments,
extremely unstealthy
A: fangs 3, regeneration 3, magic shield, antimagic bite, no device heal 3, rot
immunity
a: Berserk, Trog's Hand, Brothers in Arms, Burn Spellbooks, Renounce Religion


You were on level 3 of the Elven Halls.
You worshipped Trog.
Trog was greatly pleased with you.
You were not hungry.

You visited 3 branches of the dungeon, and saw 18 of its levels.
You also visited: Labyrinth and Ossuary.

You collected 1428 gold pieces.
You spent 670 gold pieces at shops.

Inventory:

Hand Weapons
 a - a +0 blowgun
 b - the +1 eveningstar "Brilliance" {holy, rN+ AC+5 Int+5}
   (You took it off a deep elf death mage on level 3 of the Elven Halls)

   It has been blessed by the Shining One to cause great damage to the undead
   and demons.
   It affects your AC (+5).
   It affects your intelligence (+5).
   It protects you from negative energy.
 k - the +8 hand axe of Embarrassment {chop, Int+7}
   (You found it on level 4 of the Dungeon)

   It inflicts extra damage upon your enemies.
   It affects your intelligence (+7).
 y - a +2 antimagic executioner's axe (weapon)
 J - a +2 antimagic broad axe
Missiles
 t - 4 curare-tipped needles
Armour
 u - a +0 plate armour (worn)
 z - the +1 cloak "Bymmeink" (worn) {MR+ Stlth+}
   (You bought it in a shop on level 4 of the Orcish Mines)

   It affects your resistance to hostile enchantments.
   It makes you more stealthy.
 G - a +1 pair of boots of running (worn)
 H - a +2 pair of gloves (worn)
Magical Staves
 A - an uncursed staff of cold {unknown}
Jewellery
 h - an uncursed ring of protection from magic
 l - an uncursed ring of ice
 n - a ring of protection from magic (left hand)
 p - an amulet of warding (around neck)
 v - an uncursed ring of teleportation
 w - an uncursed ring of magical power
 F - a +2 ring of intelligence
 I - a +5 ring of dexterity {unknown}
 L - a +3 ring of dexterity {unknown}
 N - the ring of the Tarantula (right hand) {MP+9 EV+3}
   (You took it off a deep elf demonologist on level 3 of the Elven Halls)

   [ring of evasion]

   It affects your evasion (+3).
   It affects your magic capacity (+9).
Wands
 g - a wand of disintegration (8)
 s - a wand of polymorph (16)
 x - a wand of flame (26)
Scrolls
 i - 2 scrolls of blinking
 B - a scroll of enchant armour
 D - a scroll of identify
 E - a scroll of fog
 M - a scroll of remove curse
Potions
 d - a potion of brilliance
 e - a potion of heal wounds
 j - 3 potions of lignification
 m - a potion of agility
 o - 2 potions of flight
 q - 2 potions of haste
Miscellaneous
 r - a lantern of shadows
Comestibles
 c - 6 bread rations
 f - 2 fruits
 C - a meat ration
 K - 3 chunks of flesh


   Skills:
 - Level 10.3 Fighting
 * Level 16.2 Axes
 - Level 9.2 Armour
 - Level 1.5 Dodging
 - Level 7.2 Evocations


You had 13 spell levels left.
You didn't know any spells.

Dungeon Overview and Level Annotations

Branches:
Dungeon (11/15)              Lair (0/8) D:11            Orc (4/4) D:11
    Elf (3/3) Orc:3
 Temple: D:4-7

Altars:
Elyvilon
Beogh

Shops:
Orc:2 }   Orc:4 [![?

Annotations:
D:4 Alipheese's ghost, amateur NaWn
D:7 TEMPLE
D:11 ORC


Innate Abilities, Weirdness & Mutations

You have razor-sharp teeth.
You regenerate.
When hurt, damage is shared between your health and your magic reserves.
Your bite disrupts and absorbs the magic of your enemies.
Potions and wands cannot restore your health.
You are immune to rotting.


Message History

Your bite misses the deep elf annihilator.
The deep elf annihilator is heavily wounded.
The deep elf annihilator hits you but does no damage.
The deep elf annihilator falters for a moment.
Unknown command.
Unknown command.
You closely miss the deep elf annihilator.
Your bite misses the deep elf annihilator.
The deep elf annihilator is heavily wounded.
The deep elf annihilator gestures at you while chanting.
The bolt of lightning hits you!
The deep elf annihilator hits you but does no damage.
Unknown command.
Unknown command.
Your plate armour prevents you from hitting the deep elf annihilator.
The deep elf annihilator is heavily wounded.
Your ogre rages.
The deep elf annihilator casts a spell at you.
The iron shot hits you!
You die...

..#.........#......#
...................#
...................#
...................#
..................#
...........⌠.....##
.....##..........#
....##...........###
...##..........O@#.#
..##..........###e.#
### ..........##)))#
........##|.e[#
.......###%.%.#
.....## ).(:/# ####
e).}.## ....}##
}}...#


You could see a deep elf annihilator, a deep elf demonologist and a friendly
ogre (berserk).

Vanquished Creatures
  2 deep elf blademasters (Elf:3)
  2 deep elf master archers (Elf:3)
  3 deep elf sorcerers (Elf:3)
  7 deep elf demonologists (Elf:3)
  6 deep elf annihilators (Elf:3)
  5 deep elf death magi (Elf:3)
  A minotaur (Lab)
  2 deep elf high priests (Elf:3)
  Erolcha (D:11)
  4 ogre magi (Orc:4)
  An orc high priest (Orc:3)
  5 deep elf knights
  A deep elf summoner (Elf:3)
  2 hill giants
  A deep elf conjurer (Elf:3)
  The ghost of PeterLawrence the Basher, a novice GrFi of Okawaru (D:7)
  A troll (Orc:2)
  2 deep elf priests
  The ghost of miniluv the Archer, an amateur MiHu (D:4)
  10 two-headed ogres (Orc:4)
  The ghost of 4thArraOfDagon the Chopper, an amateur VSBe of Trog (D:7)
  Sigmund (D:4)
  5 yaks (D:10)
  2 deep elf magi (Elf:2)
  A basilisk (D:11)
  A hippogriff (D:10)
  5 deep elf fighters
  3 wargs
  A soldier ant (D:10)
  9 orc warriors
  The ghost of Goblin1989 the Ruffian, an amateur VSMo of Okawaru (Ossuary)
  An ice beast (D:6)
  2 phantoms
  A porcupine (D:11)
  A sky beast (D:10)
  31 ogres
  2 centaurs
  4 crocodiles (D:11)
  A gnoll sergeant (D:5)
  A giant frog (D:11)
  An elf zombie (Ossuary)
  A big kobold (D:10)
  Dowan (D:7)
  A scorpion (D:5)
  4 wights (D:7)
  9 orc priests
  3 centaur zombies (Ossuary)
  4 hounds
  A quasit (D:10)
  2 iguanas
  5 sheep (D:11)
  A worker ant (D:5)
  14 orc wizards
  2 big kobold zombies (Ossuary)
  A hound zombie (D:5)
  2 mummies (Ossuary)
  A worker ant zombie (D:7)
  2 adders
  5 gnolls (D:5)
  2 river rats (D:11)
  A shadow imp (D:5)
  An ooze (D:4)
  An adder skeleton (D:7)
  An adder zombie (Ossuary)
  3 giant geckos
  82 orcs
  2 giant cockroaches
  9 jackals
  2 quokkas
  A giant gecko skeleton (D:4)
  A goblin (D:2)
  3 goblin zombies (Ossuary)
  7 hobgoblin zombies (Ossuary)
  A jackal zombie (Ossuary)
  6 kobolds (D:10)
  10 kobold zombies (Ossuary)
  6 orc zombies (Ossuary)
  2 rats
  A bush (D:11)
  2 fungi (D:11)
336 creatures vanquished.

Vanquished Creatures (others)
  A deep elf mage (D:9)
  Duvessa (D:7)
  An adder (D:7)
3 creatures vanquished.

Grand Total: 339 creatures vanquished

Notes
Turn   | Place    | Note
--------------------------------------------------------------
     0 | D:1      | 4thArraOfDagon the Vine Stalker Berserker began the quest for the Orb.
     0 | D:1      | Reached XP level 1. HP: 11/11 MP: 2/2
    17 | D:1      | Reached skill level 3 in Axes
    37 | D:1      | You fall through a shaft!
   182 | D:3      | Reached XP level 2. HP: 16/16 MP: 3/3
   217 | D:4      | Noticed Alipheese's ghost (amateur NaWn)
   294 | D:4      | Noticed a phantom
   299 | D:4      | Got a warped hand axe
   300 | D:4      | Identified the +8 hand axe of Embarrassment {chop, Int+7} (You found it on level 4 of the Dungeon)
   315 | D:4      | Killed a phantom
   315 | D:4      | Reached skill level 4 in Axes
   315 | D:4      | Reached XP level 3. HP: 12/20 MP: 4/4
   315 | D:4      | Reached XP level 4. HP: 14/24 MP: 5/5
   315 | D:4      | Reached XP level 5. HP: 16/28 MP: 6/6
   359 | D:5      | Entered Level 5 of the Dungeon
   384 | D:4      | Noticed miniluv's ghost (amateur MiHu)
   474 | D:4      | Killed miniluv's ghost
   474 | D:4      | Reached skill level 5 in Axes
   474 | D:4      | Gained mutation: You heal very quickly. [Vine Stalker growth]
   474 | D:4      | Reached XP level 6. HP: 33/33 MP: 7/7
   492 | D:4      | Found a white marble altar of Elyvilon.
   523 | D:5      | Noticed a centaur
   523 | D:5      | Noticed an ogre
   529 | D:5      | Killed an ogre
   529 | D:5      | Reached XP level 7. HP: 37/37 MP: 5/8
   529 | D:5      | Killed a centaur
   532 | D:5      | Reached ** piety under Trog
   534 | D:5      | Reached skill level 6 in Axes
   568 | D:4      | Noticed Sigmund
   576 | D:4      | Killed Sigmund
   576 | D:4      | Gained mutation: You have razor-sharp teeth. [Vine Stalker growth]
   576 | D:4      | Reached XP level 8. HP: 42/42 MP: 9/9
   644 | D:6      | Reached skill level 5 in Fighting
   661 | D:6      | no plate :(
   724 | D:4      | Noticed an ogre
   728 | D:4      | Killed an ogre
   728 | D:4      | Reached skill level 7 in Axes
   872 | D:7      | Killed Duvessa
   999 | D:7      | Noticed PeterLawrence's ghost (novice GrFi)
  1004 | D:7      | Found a sand-covered staircase.
  1009 | Ossuary  | Entered an ossuary
  1033 | Ossuary  | Noticed Goblin1989's ghost (amateur VSMo)
  1060 | Ossuary  | Killed Goblin1989's ghost
  1060 | Ossuary  | Reached XP level 9. HP: 48/48 MP: 7/10
  1065 | Ossuary  | Reached skill level 8 in Axes
  1069 | Ossuary  | Reached skill level 5 in Armour
  1143 | D:7      | Killed PeterLawrence's ghost
  1160 | D:7      | Noticed Dowan
  1161 | D:7      | Noticed 4thArraOfDagon's ghost (amateur VSBe)
  1192 | D:7      | Killed Dowan
  1195 | D:7      | Killed 4thArraOfDagon's ghost
  1322 | D:10     | Entered Level 10 of the Dungeon
  1331 | D:10     | Noticed a hill giant
  1341 | D:10     | Killed a hill giant
  1341 | D:10     | Reached skill level 9 in Axes
  1341 | D:10     | Reached skill level 1 in Evocations
  1387 | D:10     | Reached XP level 10. HP: 53/53 MP: 9/12
  1473 | D:10     | Reached *** piety under Trog
  1649 | D:10     | Reached skill level 10 in Axes
  1669 | D:10     | You fall through a shaft!
  1669 | D:11     | Found a staircase to the Lair.
  1669 | D:11     | Noticed a hill giant
  1678 | D:11     | Killed a hill giant
  1692 | D:11     | Reached **** piety under Trog
  1734 | D:11     | Found a labyrinth entrance.
  1743 | Lab      | Entered a labyrinth
  1852 | Lab      | Found an exit through the horrors of the Abyss.
  2025 | Lab      | Noticed a minotaur
  2040 | Lab      | Killed a minotaur
  2040 | Lab      | Reached XP level 11. HP: 60/60 MP: 11/14
  2131 | D:11     | Noticed Erolcha
  2144 | D:11     | Killed Erolcha
  2287 | D:11     | Found a staircase to the Orcish Mines.
  2323 | Orc:1    | Entered Level 1 of the Orcish Mines
  2329 | Orc:1    | Reached skill level 11 in Axes
  2404 | Orc:2    | Found Rukk's Quality Used Wands.
  2412 | Orc:2    | Reached ***** piety under Trog
  2506 | Orc:2    | Bought a wand of disintegration (0) for 48 gold pieces
  2527 | Orc:3    | Noticed an orc high priest
  2533 | Orc:3    | Received a gift from Trog
  2536 | Orc:3    | Killed an orc high priest
  2572 | Orc:3    | Found a staircase to the Elven Halls.
  2585 | Orc:4    | Entered Level 4 of the Orcish Mines
  2593 | Orc:4    | Found a roughly hewn altar of Beogh.
  2848 | Orc:4    | Reached skill level 5 in Evocations
  2857 | Orc:4    | Noticed an ogre mage
  2868 | Orc:4    | Killed an ogre mage
  2942 | Orc:4    | Noticed an ogre mage
  2950 | Orc:4    | Received a gift from Trog
  2953 | Orc:4    | Gained mutation: You regenerate. [Vine Stalker growth]
  2953 | Orc:4    | Reached XP level 12. HP: 33/65 MP: 11/17
  2960 | Orc:4    | Killed an ogre mage
  2985 | Orc:4    | Noticed an ogre mage
  2988 | Orc:4    | Reached skill level 12 in Axes
  2992 | Orc:4    | Noticed an ogre mage
  2993 | Orc:4    | Killed an ogre mage
  3007 | Orc:4    | Killed an ogre mage
  3012 | Orc:4    | Found Zeok's Armour Boutique.
  3012 | Orc:4    | Found Mewokh's Armour Shoppe.
  3033 | Orc:4    | Found Roant's Magic Scroll Emporium.
  3033 | Orc:4    | Found Sijaow's Distillery.
  3051 | Orc:4    | Bought the +1 cloak "Bymmeink" {MR+ Stlth+} for 298 gold pieces
  3053 | Orc:4    | Bought a scroll of enchant armour for 97 gold pieces
  3053 | Orc:4    | Bought a scroll of recharging for 123 gold pieces
  3053 | Orc:4    | Bought a scroll of identify for 26 gold pieces
  3053 | Orc:4    | Bought a scroll of identify for 26 gold pieces
  3053 | Orc:4    | Bought a scroll of identify for 26 gold pieces
  3053 | Orc:4    | Bought a scroll of fog for 26 gold pieces
  3152 | Elf:1    | Entered Level 1 of the Elven Halls
  3293 | Elf:2    | Identified a +1 pair of boots of running (You found it on level 2 of the Elven Halls)
  3327 | Elf:3    | Entered Level 3 of the Elven Halls
  3709 | Elf:3    | Noticed a deep elf high priest
  3723 | Elf:3    | Killed a deep elf high priest
  3737 | Elf:3    | Noticed a deep elf demonologist
  3743 | Elf:3    | Killed a deep elf demonologist
  3755 | Elf:3    | Noticed a deep elf annihilator
  3772 | Elf:3    | Killed a deep elf annihilator
  3772 | Elf:3    | Reached skill level 13 in Axes
  3779 | Elf:3    | Noticed a deep elf demonologist
  3794 | Elf:3    | Killed a deep elf demonologist
  3794 | Elf:3    | Received a gift from Trog
  3794 | Elf:3    | Reached XP level 13. HP: 68/72 MP: 6/19
  3798 | Elf:3    | Noticed a deep elf annihilator
  3811 | Elf:3    | Killed a deep elf annihilator
  3856 | Elf:3    | Reached skill level 10 in Fighting
  3886 | Elf:3    | Noticed a deep elf death mage
  3887 | Elf:3    | Noticed a deep elf sorcerer
  3905 | Elf:3    | Killed a deep elf death mage
  3916 | Elf:3    | Killed a ghostly deep elf death mage
  3923 | Elf:3    | Killed a deep elf sorcerer
  3923 | Elf:3    | Received a gift from Trog
  3925 | Elf:3    | Noticed a deep elf annihilator
  3932 | Elf:3    | Noticed a deep elf blademaster
  3950 | Elf:3    | Killed a deep elf blademaster
  3954 | Elf:3    | Killed a deep elf annihilator
  3985 | Elf:3    | Noticed a deep elf demonologist
  3985 | Elf:3    | Noticed a deep elf death mage
  3986 | Elf:3    | Noticed a deep elf demonologist
  3999 | Elf:3    | Killed a deep elf death mage
  4002 | Elf:3    | Killed a deep elf demonologist
  4002 | Elf:3    | Reached skill level 14 in Axes
  4009 | Elf:3    | Killed a deep elf demonologist
  4013 | Elf:3    | Noticed a deep elf annihilator
  4025 | Elf:3    | Killed a deep elf annihilator
  4026 | Elf:3    | Noticed a deep elf master archer
  4038 | Elf:3    | Killed a deep elf master archer
  4065 | Elf:3    | Noticed a deep elf high priest
  4065 | Elf:3    | Noticed a deep elf death mage
  4080 | Elf:3    | Killed a deep elf death mage
  4081 | Elf:3    | Noticed a deep elf master archer
  4093 | Elf:3    | Killed a deep elf master archer
  4093 | Elf:3    | Reached skill level 15 in Axes
  4093 | Elf:3    | Reached XP level 14. HP: 31/77 MP: 2/20
  4097 | Elf:3    | Killed a deep elf high priest
  4136 | Elf:3    | Noticed a deep elf demonologist
  4137 | Elf:3    | Noticed a deep elf sorcerer
  4149 | Elf:3    | Killed a deep elf demonologist
  4151 | Elf:3    | Noticed a deep elf blademaster
  4171 | Elf:3    | Killed a deep elf blademaster
  4177 | Elf:3    | Killed a deep elf sorcerer
  4181 | Elf:3    | Noticed a deep elf death mage
  4186 | Elf:3    | not
  4243 | Elf:3    | Killed a deep elf death mage
  4307 | Elf:3    | Noticed a deep elf sorcerer
  4322 | Elf:3    | Killed a deep elf sorcerer
  4334 | Elf:3    | Noticed a deep elf annihilator
  4349 | Elf:3    | Killed a deep elf annihilator
  4353 | Elf:3    | Noticed a deep elf demonologist
  4355 | Elf:3    | let that ring be good
  4372 | Elf:3    | Killed a deep elf demonologist
  4372 | Elf:3    | Reached skill level 16 in Axes
  4374 | Elf:3    | Got a slimy copper ring
  4375 | Elf:3    | Identified the ring of the Tarantula {MP+9 EV+3} (You took it off a deep elf demonologist on level 3 of the Elven Halls)
  4378 | Elf:3    | :/
  4412 | Elf:3    | Noticed a deep elf demonologist
  4413 | Elf:3    | Noticed a deep elf death mage
  4417 | Elf:3    | Noticed a deep elf annihilator
  4419 | Elf:3    | Noticed a deep elf annihilator
  4425 | Elf:3    | Killed a deep elf death mage
  4426 | Elf:3    | Noticed a deep elf demonologist
  4426 | Elf:3    | Killed a deep elf annihilator
  4430 | Elf:3    | Killed a deep elf demonologist
  4442 | Elf:3    | Killed from afar by a deep elf annihilator

Vault maps used:
D:1:      dpeg_arrival_houses_and_road, minmay_misc_feat_tower
D:2:      uniq_robin
D:3:      hangedman_abyss_or_decor_stabs
D:4:      kennysheep_spiral_hall, kennysheep_ying_yang, uniq_sigmund,
          uniq_edmund
D:5:      lemuel_ice_spiral_2, first_bread, lemuel_flamethrower_1
D:6:      kennysheep_orc_sif_temple, uniq_eustachio, uniq_pikel
D:7:      lemuel_temple_firewalk_marked, enter_ossuary_5, uniq_duvessa
D:8:      marbit_many_paths, uniq_psyche, uniq_joseph
D:9:      xom_confusion_cloud, grunt_temple_overflow_octagram,
          lemuel_oklob_altar, uniq_erica
D:10:     uniq_grum, uniq_maud
D:11:     minmay_lair_entry_grove, erik_orc_2, lab_entry_generic, uniq_erolcha
Orc:2:    nicolae_for_you_no_charge
Orc:3:    basic_altar, nicolae_orc_pool_cavern
Orc:4:    st_orc_ogre_mass, basic_altar
Elf:1:    elf_arrival_001, serial_glass, glass_columns_b, glass_columns_b,
          serial_shops, shop, minmay_elf_annihilation
Elf:3:    elf_hall, serial_shops, bzr_in_the_mist
Lab:      labyrinth_lava_lair, lab_fountain, labyrinth_fake_exit
Ossuary:  ossuary_tomb_1

Action                   |  1- 3 |  4- 6 |  7- 9 | 10-12 | 13-15 || total
-------------------------+-------+-------+-------+-------+-------++-------
Melee: Hand axe          |    28 |    33 |   122 |   358 |    53 ||   594
       Executioner's axe |       |       |       |    10 |   156 ||   166
Invok: Berserk           |     1 |     3 |     8 |    15 |     6 ||    33
       Trog's Hand       |       |       |     2 |     6 |     5 ||    13
       Brothers in Arms  |       |       |       |     1 |     3 ||     4
       Burn Spellbooks   |       |       |       |       |     1 ||     1
Evoke: Wand              |       |       |       |     6 |       ||     6
  Use: Scroll            |       |       |     4 |    11 |     2 ||    17
       Potion            |       |       |       |       |     1 ||     1
 Stab: Sleeping          |     2 |       |       |       |       ||     2
  Eat: Chunk             |       |     2 |     8 |    21 |     9 ||    40
       Fruit             |       |       |     2 |       |     2 ||     4
       Pizza             |       |       |     1 |       |       ||     1
       Meat ration       |       |       |       |     1 |       ||     1
